TOP OF THE 1ST |
Kalamazoo Royale with Cheese batting - Pitching for Hendersonville Hitmen : RHP Júlio Torres
|
Pitching: RHP Júlio Torres
|
|
Batting: RHB Millard Boyd
|
0-0: Called Strike 0-1: Ball 1-1: Foul Ball, location: 2F 1-2: Foul Ball, location: 2F 1-2: Ball 2-2: Foul Ball, location: 2F 2-2: Ball 3-2: Foul Ball, location: 2F 3-2: Strikes out looking
|
Batting: LHB Gene Cooper
|
0-0: Called Strike 0-1: Foul Ball, location: 2F 0-2: Ball 1-2: Strikes out swinging
|
Batting: SHB Caden Keith
|
0-0: Foul Ball, location: 2F 0-1: Ball 1-1: Ball 2-1: Ball 3-1: Base on Balls
|
Batting: LHB Roberto Sandoval
|
0-0: Ball 1-0: SINGLE (Groundball, 4D) Caden Keith to second Runner from 2nd tries for 3rd, SAFE, no throw
|
Batting: RHB Marlon Phipps
|
0-0: Ball 1-0: Ball 2-0: Ball 3-0: Called Strike 3-1: Called Strike 3-2: Base on Balls Roberto Sandoval to second
|
Batting: LHB Donovan Bird
|
0-0: Ball 1-0: Ball 2-0: Called Strike 2-1: Fielders Choice at 2nd, 6-4 (Groundball, 6)
|
Top of the 1st over - 0 runs, 1 hit, 0 errors, 3 left on base; Kalamazoo 0 - Hendersonville 0 |
BOTTOM OF THE 1ST |
Hendersonville Hitmen batting - Pitching for Kalamazoo Royale with Cheese : RHP Frank Davis
|
Pitching: RHP Frank Davis
|
|
Batting: SHB Félix Montoya
|
0-0: DOUBLE (Flyball, 78D)
|
Batting: RHB Felipe Jareño
|
0-0: Called Strike 0-1: Swinging Strike 0-2: Ball 1-2: Strikes out swinging
|
Batting: LHB Robert Phillips
|
0-0: Ball Félix Montoya steals 3rd base 1-0: Called Strike 1-1: Called Strike 1-2: Foul Ball, location: 2F 1-2: Fly out, F8 (Flyball, 8RS) Runner from 3rd tags up, SCORES, no throw
|
Batting: SHB Rick Turner
|
0-0: Called Strike 0-1: Called Strike 0-2: Strikes out looking
|
Bottom of the 1st over - 1 run, 1 hit, 0 errors, 0 left on base; Kalamazoo 0 - Hendersonville 1 |
TOP OF THE 2ND |
Kalamazoo Royale with Cheese batting - Pitching for Hendersonville Hitmen : RHP Júlio Torres
|
Batting: RHB Zander Tremblett
|
0-0: Called Strike 0-1: Ground out 5-3 (Groundball, 56S)
|
Batting: LHB Ron Robinson
|
0-0: Swinging Strike 0-1: Ball 1-1: Ball 2-1: SINGLE (Flyball, 78M)
|
Batting: LHB Bill McJannett
|
0-0: Ball 1-0: Fly out, F9 (Flyball, 9)
|
Batting: RHB Millard Boyd
|
0-0: Ball 1-0: Ball 2-0: SINGLE (Groundball, 4MD) Ron Robinson to second
|
Batting: LHB Gene Cooper
|
0-0: Ball 1-0: Called Strike 1-1: Foul Ball, location: 2F 1-2: Ball 2-2: Foul Ball, location: 2F 2-2: Fly out, F8 (Flyball, 8RXD)
|
Top of the 2nd over - 0 runs, 2 hits, 0 errors, 2 left on base; Kalamazoo 0 - Hendersonville 1 |
BOTTOM OF THE 2ND |
Hendersonville Hitmen batting - Pitching for Kalamazoo Royale with Cheese : RHP Frank Davis
|
Batting: LHB Pedro Rodríguez
|
0-0: Called Strike 0-1: Called Strike 0-2: Strikes out swinging
|
Batting: LHB Tommy Payne
|
0-0: Ball 1-0: Ball 2-0: Called Strike 2-1: SINGLE (Groundball, 56S) (infield hit)
|
Batting: RHB Ron Glass
|
0-0: Ball 1-0: Called Strike 1-1: Foul Ball, location: 2F 1-2: SINGLE (Flyball, 7S) Tommy Payne to second
|
Batting: LHB Milo Glenn
|
0-0: Ball 1-0: Ball 2-0: Ball 3-0: Hit by Pitch Tommy Payne to third Ron Glass to second
|
Batting: LHB Miguel García
|
0-0: Fly out, F4 (Line Drive, 4) Lined into DP, 4-6 (Line Drive, 4)
|
Bottom of the 2nd over - 0 runs, 2 hits, 0 errors, 2 left on base; Kalamazoo 0 - Hendersonville 1 |
TOP OF THE 3RD |
Kalamazoo Royale with Cheese batting - Pitching for Hendersonville Hitmen : RHP Júlio Torres
|
Batting: SHB Caden Keith
|
0-0: Ball 1-0: Called Strike 1-1: Foul Ball, location: 2F 1-2: Foul Ball, location: 2F 1-2: Fly out, F4 (Popup, 23)
|
Batting: LHB Roberto Sandoval
|
0-0: Foul Ball, location: 2F 0-1: Fly out, F2 (Popup, 23F)
|
Batting: RHB Marlon Phipps
|
0-0: Ball 1-0: Foul Ball, location: 2F 1-1: Foul Ball, location: 2F 1-2: Ball 2-2: Foul Ball, location: 2F 2-2: Fly out, F7 (Flyball, 7S)
|
Top of the 3rd over - 0 runs, 0 hits, 0 errors, 0 left on base; Kalamazoo 0 - Hendersonville 1 |
BOTTOM OF THE 3RD |
Hendersonville Hitmen batting - Pitching for Kalamazoo Royale with Cheese : RHP Frank Davis
|
Batting: SHB Félix Montoya
|
0-0: Ball 1-0: Fly out, F9 (Flyball, 89S)
|
Batting: RHB Felipe Jareño
|
0-0: Ball 1-0: Ball 2-0: Called Strike 2-1: Called Strike 2-2: Foul Ball, location: 2F 2-2: Foul Ball, location: 2F 2-2: Ball 3-2: Foul Ball, location: 2F 3-2: Fly out, F7 (Flyball, 7LM)
|
Batting: LHB Robert Phillips
|
0-0: Ball 1-0: Ball 2-0: Called Strike 2-1: Called Strike 2-2: Ball 3-2: Base on Balls
|
Batting: SHB Rick Turner
|
0-0: Ball 1-0: Ball 2-0: Called Strike 2-1: Ball 3-1: Base on Balls Robert Phillips to second
|
Batting: LHB Pedro Rodríguez
|
0-0: Ball 1-0: Foul Ball, location: 2F 1-1: Hit by Pitch Robert Phillips to third Rick Turner to second
|
Batting: LHB Tommy Payne
|
0-0: Ball 1-0: Foul Ball, location: 2F 1-1: Ball 2-1: Foul Ball, location: 2F 2-2: Ball 3-2: SINGLE (Groundball, 5D) Robert Phillips scores Rick Turner to third Pedro Rodríguez to second Rick Turner scores Pedro Rodríguez to third
|
Batting: RHB Ron Glass
|
0-0: Fly out, F5 (Popup, 56)
|
Bottom of the 3rd over - 2 runs, 1 hit, 0 errors, 2 left on base; Kalamazoo 0 - Hendersonville 3 |
TOP OF THE 4TH |
Kalamazoo Royale with Cheese batting - Pitching for Hendersonville Hitmen : RHP Júlio Torres
|
Batting: LHB Donovan Bird
|
0-0: Ball 1-0: Foul Ball, location: 2F 1-1: Ball 2-1: Foul Ball, location: 2F 2-2: Fly out, F8 (Flyball, 8LS)
|
Batting: RHB Zander Tremblett
|
0-0: Swinging Strike 0-1: Ground out 3-1 (Groundball, 34)
|
Batting: LHB Ron Robinson
|
0-0: Called Strike 0-1: Called Strike 0-2: Ball 1-2: Ball 2-2: Ball 3-2: Fly out, F6 (Popup, 6MS)
|
Top of the 4th over - 0 runs, 0 hits, 0 errors, 0 left on base; Kalamazoo 0 - Hendersonville 3 |
BOTTOM OF THE 4TH |
Hendersonville Hitmen batting - Pitching for Kalamazoo Royale with Cheese : RHP Frank Davis
|
Batting: LHB Milo Glenn
|
0-0: Ball 1-0: Fly out, F7 (Flyball, 7S)
|
Batting: LHB Miguel García
|
0-0: Foul Ball, location: 2F 0-1: Swinging Strike 0-2: Ball 1-2: Ball 2-2: Strikes out looking
|
Batting: SHB Félix Montoya
|
0-0: DOUBLE (Flyball, 89D)
|
Batting: RHB Felipe Jareño
|
0-0: Ball 1-0: Ground out U3 (Groundball, 34)
|
Bottom of the 4th over - 0 runs, 1 hit, 0 errors, 1 left on base; Kalamazoo 0 - Hendersonville 3 |
TOP OF THE 5TH |
Kalamazoo Royale with Cheese batting - Pitching for Hendersonville Hitmen : RHP Júlio Torres
|
Batting: LHB Bill McJannett
|
0-0: Ball 1-0: Called Strike 1-1: Ball 2-1: SOLO HOME RUN (Flyball, 7D), Distance : 414 ft
|
Batting: RHB Millard Boyd
|
0-0: Foul Ball, location: 2F 0-1: Ball 1-1: Foul Ball, location: 2F 1-2: Foul Ball, location: 2F 1-2: Ball 2-2: Ball 3-2: Ground out 6-3 (Groundball, 6)
|
Batting: LHB Gene Cooper
|
0-0: Swinging Strike 0-1: Ball 1-1: Ball 2-1: Ball 3-1: Ground out 5-3 (Groundball, 56)
|
Batting: SHB Caden Keith
|
0-0: Ball 1-0: SINGLE (Flyball, 9LS)
|
Batting: LHB Roberto Sandoval
|
0-0: Called Strike 0-1: Ball 1-1: Ball 2-1: Called Strike 2-2: Ball Throwing error on steal attempt, E2 Caden Keith to third 3-2: SINGLE (Flyball, 89M) Caden Keith scores
|
Batting: RHB Marlon Phipps
|
0-0: Ball 1-0: Ball 2-0: Ball 3-0: Called Strike 3-1: Foul Ball, location: 2F 3-2: Foul Ball, location: 2F 3-2: Ground out 4-3 (Groundball, 4)
|
Top of the 5th over - 2 runs, 3 hits, 1 error, 1 left on base; Kalamazoo 2 - Hendersonville 3 |
BOTTOM OF THE 5TH |
Hendersonville Hitmen batting - Pitching for Kalamazoo Royale with Cheese : RHP Frank Davis
|
Batting: LHB Robert Phillips
|
0-0: Ball 1-0: Swinging Strike 1-1: SINGLE (Line Drive, 7S)
|
Batting: SHB Rick Turner
|
0-0: Ball 1-0: Foul Ball, location: 2F 1-1: Fly out, F7 (Flyball, 7S)
|
Batting: LHB Pedro Rodríguez
|
0-0: SINGLE (Groundball, 34) (infield hit) Robert Phillips to second
|
Batting: LHB Tommy Payne
|
0-0: Ball 1-0: Foul Ball, location: 2F 1-1: Swinging Strike 1-2: Strikes out swinging
|
Batting: RHB Ron Glass
|
0-0: Ball 1-0: Fielders Choice at 2nd, 6-4 (Groundball, 6)
|
Bottom of the 5th over - 0 runs, 2 hits, 0 errors, 2 left on base; Kalamazoo 2 - Hendersonville 3 |
TOP OF THE 6TH |
Kalamazoo Royale with Cheese batting - Pitching for Hendersonville Hitmen : RHP Júlio Torres
|
Pitching: RHP Tony Murillo
|
|
Batting: LHB Donovan Bird
|
0-0: Foul Ball, location: 2F 0-1: Ball 1-1: Foul Ball, location: 2F 1-2: DOUBLE (Line Drive, 9LM)
|
Batting: RHB Zander Tremblett
|
0-0: Ball 1-0: Ball 2-0: Foul Ball, location: 2F 2-1: SINGLE (Flyball, 89S) Donovan Bird to third
|
Batting: LHB Ron Robinson
|
0-0: Ball 1-0: Ground out 5-3 (Groundball, 5) Zander Tremblett to second
|
Batting: LHB Bill McJannett
|
0-0: Ball 1-0: Ball 2-0: Ball 3-0: Called Strike 3-1: Called Strike 3-2: Base on Balls
|
Batting: RHB Millard Boyd
|
0-0: Foul Ball, location: 2F 0-1: Called Strike 0-2: Strikes out swinging
|
Batting: LHB Gene Cooper
|
0-0: Swinging Strike Balk! Donovan Bird scores Zander Tremblett to third Bill McJannett to second 0-1: Ball 1-1: Ball 2-1: Ball 3-1: Foul Ball, location: 2F 3-2: Strikes out looking
|
Top of the 6th over - 1 run, 2 hits, 0 errors, 2 left on base; Kalamazoo 3 - Hendersonville 3 |
BOTTOM OF THE 6TH |
Hendersonville Hitmen batting - Pitching for Kalamazoo Royale with Cheese : RHP Frank Davis
|
Batting: LHB Milo Glenn
|
0-0: Ground out 5-3 (Groundball, 56)
|
Batting: LHB Miguel García
|
0-0: Ground out U3 (Groundball, 3)
|
Batting: SHB Félix Montoya
|
0-0: Foul Ball, location: 2F 0-1: Swinging Strike 0-2: Ball 1-2: Ball 2-2: Ball 3-2: Foul Ball, location: 2F 3-2: Foul Ball, location: 2F 3-2: SINGLE (Line Drive, 4MD)
|
Batting: RHB Felipe Jareño
|
0-0: Ball 1-0: Ball 2-0: Called Strike 2-1: Ball 3-1: Fly out, F9 (Line Drive, 9LM)
|
Bottom of the 6th over - 0 runs, 1 hit, 0 errors, 1 left on base; Kalamazoo 3 - Hendersonville 3 |
TOP OF THE 7TH |
Kalamazoo Royale with Cheese batting - Pitching for Hendersonville Hitmen : RHP Tony Murillo
|
Batting: SHB Caden Keith
|
0-0: Called Strike 0-1: Foul Ball, location: 2F 0-2: Foul Ball, location: 2F 0-2: Ball 1-2: Fly out, F4 (Popup, 4MD)
|
Batting: LHB Roberto Sandoval
|
0-0: Called Strike 0-1: Called Strike 0-2: Ball 1-2: Strikes out looking
|
Batting: RHB Marlon Phipps
|
0-0: Ball 1-0: Ball 2-0: Ball 3-0: Called Strike 3-1: Called Strike 3-2: Foul Ball, location: 2F 3-2: Ground out 5-3 (Groundball, 5)
|
Top of the 7th over - 0 runs, 0 hits, 0 errors, 0 left on base; Kalamazoo 3 - Hendersonville 3 |
BOTTOM OF THE 7TH |
Hendersonville Hitmen batting - Pitching for Kalamazoo Royale with Cheese : RHP Frank Davis
|
Pitching: LHP Carlos Thomas
|
|
Batting: LHB Robert Phillips
|
0-0: Swinging Strike 0-1: Foul Ball, location: 2F 0-2: Strikes out swinging
|
Batting: SHB Rick Turner
|
0-0: Foul Ball, location: 2F 0-1: Fly out, F9 (Flyball, 9S)
|
Batting: LHB Pedro Rodríguez
|
0-0: Called Strike 0-1: Swinging Strike 0-2: Ball 1-2: Foul Ball, location: 2F 1-2: Hit by Pitch
|
Pinch Hitting: RHB Carlos Flores
|
0-0: Foul Ball, location: 2F 0-1: Swinging Strike 0-2: Ball 1-2: Ball 2-2: Ball 3-2: Foul Ball, location: 2F 3-2: Fly out, F8 (Flyball, 8LM)
|
Bottom of the 7th over - 0 runs, 0 hits, 0 errors, 1 left on base; Kalamazoo 3 - Hendersonville 3 |
TOP OF THE 8TH |
Kalamazoo Royale with Cheese batting - Pitching for Hendersonville Hitmen : RHP Tony Murillo
|
Now in RF: José Berroa
|
|
Batting: LHB Donovan Bird
|
0-0: Ball 1-0: DOUBLE (Line Drive, 78D)
|
Batting: RHB Zander Tremblett
|
0-0: Foul Ball, location: 2F 0-1: Ball 1-1: Fly out, F8 (Flyball, 8LS)
|
Batting: LHB Ron Robinson
|
0-0: Called Strike 0-1: Called Strike 0-2: Strikes out swinging
|
Batting: LHB Bill McJannett
|
0-0: Ball 1-0: Ball 2-0: SINGLE (Groundball, 34D) Donovan Bird to third Runner from 3rd tries for Home, SAFE, no throw
|
Pitching: RHP Matthew Scott
|
|
Batting: RHB Millard Boyd
|
0-0: Swinging Strike 0-1: Foul Ball, location: 2F 0-2: Foul Ball, location: 2F 0-2: Strikes out swinging
|
Top of the 8th over - 1 run, 2 hits, 0 errors, 1 left on base; Kalamazoo 4 - Hendersonville 3 |
BOTTOM OF THE 8TH |
Hendersonville Hitmen batting - Pitching for Kalamazoo Royale with Cheese : LHP Carlos Thomas
|
Pitching: RHP Víctor Reyes
|
|
Batting: RHB Ron Glass
|
0-0: Ball 1-0: Ball 2-0: Ball 3-0: Base on Balls
|
Batting: LHB Milo Glenn
|
0-0: Ball 1-0: Fielders Choice at 2nd, 6-4 (Groundball, 6)
|
Batting: LHB Miguel García
|
0-0: Called Strike 0-1: Ball 1-1: Ball 2-1: Bunted foul 2-2: Fielders Choice at 2nd, 4-6 (Groundball, 4D)
|
Batting: SHB Félix Montoya
|
0-0: Ball 1-0: SINGLE (Flyball, 9S) Miguel García to second Runner from 2nd tries for 3rd, OUT!
|
Bottom of the 8th over - 0 runs, 1 hit, 0 errors, 1 left on base; Kalamazoo 4 - Hendersonville 3 |
TOP OF THE 9TH |
Kalamazoo Royale with Cheese batting - Pitching for Hendersonville Hitmen : RHP Matthew Scott
|
Pitching: RHP Ignacio Morales
|
|
Batting: LHB Gene Cooper
|
0-0: Ball 1-0: Ball 2-0: Ball 3-0: SOLO HOME RUN (Flyball, 9D), Distance : 392 ft
|
Batting: SHB Caden Keith
|
0-0: Ball 1-0: Ground out 6-3 (Groundball, 6)
|
Batting: LHB Roberto Sandoval
|
0-0: Fly out, F3 (Line Drive, 34)
|
Batting: RHB Marlon Phipps
|
0-0: Called Strike 0-1: Swinging Strike 0-2: Strikes out swinging
|
Top of the 9th over - 1 run, 1 hit, 0 errors, 0 left on base; Kalamazoo 5 - Hendersonville 3 |
BOTTOM OF THE 9TH |
Hendersonville Hitmen batting - Pitching for Kalamazoo Royale with Cheese : RHP Víctor Reyes
|
Batting: RHB Felipe Jareño
|
0-0: Ball 1-0: Called Strike 1-1: Ground out 4-3 (Groundball, 4)
|
Batting: LHB Robert Phillips
|
0-0: Fly out, F3 (Popup, 3SF)
|
Batting: SHB Rick Turner
|
0-0: Called Strike 0-1: Called Strike 0-2: Ball 1-2: Ground out 4-3 (Groundball, 4)
|
Bottom of the 9th over - 0 runs, 0 hits, 0 errors, 0 left on base; Kalamazoo 5 - Hendersonville 3 |
|